 Dungeon Crawl Stone Soup version 0.17-a0-1378-g281efdd (webtiles) character file.

168 Steifyn the Shield-Bearer (level 5, -6/47 HPs)
             Began as a Minotaur Fighter on June 14, 2015.
             Was a Follower of Makhleb.
             Mangled by a centaur (7 damage)
             ... on level 6 of the Dungeon.
             The game lasted 00:07:46 (791 turns).

Steifyn the Shield-Bearer (Minotaur Fighter)         Turns: 791, Time: 00:07:47

Health: -6/47      AC:  8    Str: 22    XL:     5   Next: 24%
Magic:  4/4        EV:  8    Int:  5    God:    Makhleb [*.....]
Gold:   93         SH: 10    Dex:  9    Spells: 0 memorised, 4 levels left

rFire  + . .     SeeInvis .     a - +0 trident
rCold  . . .     Clarity  .     g - +1 scale mail
rNeg   . . .     SustAt   .     c - +0 shield
rPois  .         Gourm    .     (helmet restricted)
rElec  .         Spirit   .     (no cloak)
rCorr  .         Warding  .     (no gloves)
rMut   .         Stasis   .     (no boots)
MR     .....                    (no amulet)
Stlth  ..........               (no ring)
                                f - ring of protection from fire

@: not resistant to hostile enchantments, extremely unstealthy
A: retaliatory headbutt, horns 2
a: Renounce Religion


You were on level 6 of the Dungeon.
You worshipped Makhleb.
Makhleb was aware of your devotion.
You were not hungry.

You visited 1 branch of the dungeon, and saw 6 of its levels.

You collected 93 gold pieces.

Inventory:

Hand weapons
 a - a +0 trident (weapon)
Armour
 b - a +0 scale mail
 c - a +0 shield (worn)
 g - a +1 scale mail (worn)
Jewellery
 f - a ring of protection from fire (left hand)
Scrolls
 i - a scroll of noise
Potions
 d - 3 potions of might
Comestibles
 e - 2 bread rations
 h - a meat ration


   Skills:
 + Level 4.7 Fighting
 + Level 2.9 Polearms
 + Level 4.4 Armour
 + Level 1.2 Dodging
 + Level 0.3 Stealth
 + Level 5.3 Shields


You had 4 spell levels left.
You didn't know any spells.

Dungeon Overview and Level Annotations

Branches:
Dungeon (6/15)
 Temple: D:4-7

Altars:
Makhleb


Innate Abilities, Weirdness & Mutations

You reflexively headbutt those who attack you in melee.
You have a pair of horns on your head.


Message History

The magic dart hits you!
* * * LOW HITPOINT WARNING * * *
The orc wizard hits you but does no damage.
You hit the orc wizard.
The orc wizard is severely wounded.
The orc wizard closely misses you. The orc wizard barely misses you.
You furiously retaliate!
You headbutt the orc wizard.
You kill the orc wizard!
Makhleb accepts your kill.
You can now gain health from killing.
Your Dodging skill increases to level 1!
The centaur unwields an uncursed shortbow.
The centaur hits you but does no damage.
You block the orc's attack.
Things that are here:
a dagger; a robe You hit the orc.
You headbutt the orc.
You kill the orc!
Makhleb accepts your kill. The centaur hits you!
You die...

#...........
#...........
#.........#.
#.......#.#
#.......#.#
#.....#.# #
#.....#.#
#########...#.#
#.......@)....#
##.######c..###.#.
#....o#........
#.###.#(####.#.
#.###o#........
#.....).#..#.#.
#####.#.#..#
...#.# .# ##..#.#
##


You could see a centaur.

Vanquished Creatures
  A crimson imp (D:3)
  A giant frog skeleton (D:4)
  An orc wizard (D:6)
  A worker ant (D:4)
  A hound zombie (D:5)
  An adder (D:4)
  A giant gecko (D:3)
  3 orcs
  A giant cockroach (D:3)
  4 quokkas
  A giant newt (D:1)
  2 goblins (D:1)
  4 kobolds
  8 rats
30 creatures vanquished.

Notes
Turn   | Place    | Note
--------------------------------------------------------------
     0 | D:1      | Steifyn the Minotaur Fighter began the quest for the Orb.
     0 | D:1      | Reached XP level 1. HP: 19/19 MP: 0/0
   123 | D:2      | Found a burning altar of Makhleb.
   137 | D:2      | Became a worshipper of Makhleb the Destroyer
   222 | D:2      | Reached skill level 4 in Fighting
   243 | D:2      | Found a faded altar to an unknown god.
   296 | D:3      | Reached XP level 2. HP: 27/27 MP: 1/1
   305 | D:3      | Noticed a crimson imp
   325 | D:3      | Killed a crimson imp
   325 | D:3      | Reached XP level 3. HP: 32/34 MP: 2/2
   464 | D:4      | Reached XP level 4. HP: 36/41 MP: 3/3
   498 | D:4      | Reached skill level 5 in Shields
   571 | D:5      | Entered Level 5 of the Dungeon
   766 | D:6      | Noticed a centaur
   772 | D:6      | Reached XP level 5. HP: 47/47 MP: 4/4
   788 | D:6      | HP: 1/47 [orc wizard/magic dart (5)]
   789 | D:6      | Acquired Makhleb's first power
   789 | D:6      | Reached skill level 1 in Dodging
   791 | D:6      | Mangled by a centaur

Vault maps used:
D:1:      sevenhm_arrival_forest_fort_large_4, minivault_25,
          roderic_aztec_sauvastika
D:2:      lemuel_blue_sif_altar, first_bread, ecumenical_altar_2, bloody_makhleb
D:4:      minmay_mini_ossuary
D:5:      hangedman_decor_points
D:6:      kennysheep_mini, gammafunk_temple_overflow_statue,
          minmay_temple_entry_statues

Action                   |  1- 3 |  4- 6 || total
-------------------------+-------+-------++-------
Melee: Trident           |    58 |    42 ||   100
  Use: Scroll            |     3 |     2 ||     5
       Potion            |     2 |     1 ||     3
 Stab: Invisible         |       |     1 ||     1
